 Dungeon Crawl Stone Soup version 0.29.1-15-g9cfb28693d (webtiles) character file.

Game seed: 1557550411920703856

383 Tirrikindir the Slasher (level 6, -5/43 HPs)
             Began as an Octopode Fighter on Apr 20, 2023.
             Was a Believer of Makhleb.
             Slain by Duvessa
             ... wielding a +2 short sword of distortion
              (16 damage)
             ... on level 4 of the Dungeon on May 10, 2023.
             The game lasted 00:11:14 (2907 turns).

Tirrikindir the Slasher (Octopode Fighter)          Turns: 2907, Time: 00:11:15

Health: -5/43      AC:  2    Str: 15    XL:     6   Next: 76%
Magic:  7/7        EV: 14    Int: 10    God:    Makhleb [**....]
Gold:   183        SH:  5    Dex: 14    Spells: 5/5 levels left

rFire   . . .      SeeInvis .   a - +0 long sword (protect)
rCold   . . .      Faith    .   b - +0 buckler
rNeg    . . .      Spirit   .   e - +1 hat
rPois   .          Reflect  .   (no amulet)
rElec   .          Harm     .   (no ring)
rCorr   .          Rampage  .   (no ring)
Will    .....      Rage     3%  (no ring)
Stlth   +++.......              (no ring)
HPRegen 0.14/turn               (no ring)
MPRegen 0.10/turn               (no ring)
                                (no ring)
                                (no ring)

@: about to teleport
A: almost no armour, amphibious, 8 rings, camouflage 1, gelatinous body 1,
(nimble swimmer 1), tentacles, berserk 1
a: Renounce Religion, Minor Destruction


You were on level 4 of the Dungeon.
You worshipped Makhleb.
Makhleb was pleased with you.
You visited 1 branch of the dungeon, and saw 4 of its levels.

You collected 183 gold pieces.

Inventory:

Hand Weapons
 a - a +0 long sword of protection (weapon)
 o - a +4 short sword
Missiles
 f - 14 poisoned darts
Armour
 b - a +0 buckler (worn)
 e - a +1 hat (worn)
Scrolls
 c - 2 scrolls of identify
 g - a scroll of butterflies
 i - 2 scrolls of blinking
 k - a scroll of fear
 p - a scroll of amnesia {unknown}
Potions
 d - 2 potions of curing
 h - a potion of mutation
 j - a potion of brilliance
 l - a potion of lignification {unknown}
 n - a potion of haste {unknown}


   Skills:
 + Level 4.0 Fighting
 * Level 4.0 Long Blades
 + Level 3.8 Dodging
 + Level 3.4 Stealth
 + Level 3.9 Shields
 + Level 2.0 Invocations


You had 5 spell levels left.
You didn't know any spells.
Your spell library contained the following spells:

 Spells                   Type           Power      Damage    Failure   Level
 Freeze                   Ice            0%         1d3       43%         1
 Frozen Ramparts          Ice            0%         1d1       82%         3
 Hailstorm                Conj/Ice       0%         3d3       99%         4


Dungeon Overview and Level Annotations

Branches:
Dungeon (4/15)
 Temple: D:4-7

Altars:
Makhleb
Vehumet

Shops:
D:2 (

Annotations:
D:4 Dowan, Duvessa, Menkaure


Innate Abilities, Weirdness & Mutations

You cannot wear most types of armour.
You are amphibious.
You can wear up to eight rings at the same time.
Your skin changes colour to match your surroundings (Stealth+).
Your rubbery body absorbs attacks. (AC +1, EV +1)
((You are camouflaged when in or above water. (Stealth+)))
You have tentacles for arms and can constrict up to eight enemies at once.
You sometimes lose your temper in combat.


Message History

You barely miss the orc. Your grab misses the orc. Your squeeze misses the orc.
The orc is moderately wounded.
The orc hits you with a +0 dagger.
You closely miss the orc. Your grab misses the orc.
The orc is moderately wounded.
The orc misses you.
You closely miss the orc. You grab the orc.
The orc is moderately wounded.
You constrict the orc. The orc barely misses you.
The dart slug launches a dart at you. The slug dart misses you.
The orc hits you but does no damage.
An endoplasm comes into view.
The endoplasm quivers.
You hit the orc.
Your weapon exudes an aura of protection.
You kill the orc!
Makhleb accepts your kill. The orc attacks as you move away!
The orc closely misses you.
As you read the scroll of teleportation, it crumbles to dust.
You feel strangely unstable. The orc closely misses you.
The orc barely misses you. The orc attacks as you move away!
The orc misses you. The orc attacks as you move away!
The orc hits you with a +0 club.
Your surroundings suddenly seem different.
Duvessa, Dowan and 2 orcs come into view.
Duvessa is wielding a +2 short sword of distortion.
Found a scroll of identify.
You see here a scroll of identify.
c - 2 scrolls of identify (gained 1) Duvessa shouts!
Dowan shouts!
The orc shouts!
You hear a shout!
As you read the scroll of teleportation, it crumbles to dust.
You feel strangely unstable.
An orc comes into view. It is wielding a +0 club.
The orc shouts!
Dowan says, "Magic and the sword, together, will defeat you."
Duvessa attacks as you move away!
Duvessa hits you with a +2 short sword of distortion!
* * * LOW HITPOINT WARNING * * *
Space warps horribly around you!
You die...

...####.)..~~~†~~~~..
...#...######~≈≈≈~~~~
.......# ###≈#####
.....#.# ## ....[..# # K
# .......# ..# .######~~
.......# #...#####...~~~~
.†....###...............#
[.......... #...@e.e.#
..†........ #.......##
...).#.##.. ##.....##
....##..# . #.....#
...... .# ........
......... ........###
##..#<...###.oo..##
#..##.. #...#.## ..## ...
#...#.


You could see Duvessa, Dowan and 2 orcs.

Vanquished Creatures
  Eustachio (D:4)
  A jelly (D:4)
  2 hounds (D:4)
  2 iguanas (D:4)
  2 adders
  2 worms
  2 dart slugs
  2 orcs
  5 bats
  4 endoplasms
  3 giant cockroaches
  6 goblins
  9 hobgoblins
  7 jackals
  6 kobolds
  2 quokkas (D:3)
  5 ball pythons
  2 frilled lizards (D:1)
  2 rats (D:3)
65 creatures vanquished.

Vanquished Creatures (others)
  16 plants (D:3)
16 creatures vanquished.

Grand Total: 81 creatures vanquished

Notes
Turn   | Place    | Note
-------+----------+-------------------------------------------
     0 | D:1      | Tirrikindir the Octopode Fighter began the quest for the
                  | Orb.
     0 | D:1      | Reached XP level 1. HP: 16/16 MP: 1/1
   181 | D:1      | Reached XP level 2. HP: 21/21 MP: 2/2
   307 | D:1      | Reached skill level 1 in Stealth
   556 | D:1      | Reached XP level 3. HP: 19/26 MP: 3/3
   640 | D:1      | Found a faded altar of an unknown god.
   649 | D:1      | Prayed at the altar of an unknown god.
   649 | D:1      | Became a worshipper of Makhleb the Destroyer
   649 | D:1      | Reached * piety under Makhleb
  1547 | D:2      | Gained mutation: You sometimes lose your temper in combat.
                  | [potion of mutation]
  1564 | D:2      | Found Zaffuiw's Weapon Emporium.
  1859 | D:3      | Reached XP level 4. HP: 28/31 MP: 4/4
  1889 | D:3      | Found a radiant altar of Vehumet.
  2782 | D:4      | Reached ** piety under Makhleb
  2783 | D:4      | Reached skill level 1 in Invocations
  2785 | D:4      | Reached XP level 5. HP: 30/36 MP: 5/5
  2796 | D:4      | Noticed Eustachio
  2809 | D:4      | Killed Eustachio
  2810 | D:4      | Reached XP level 6. HP: 32/43 MP: 5/7
  2870 | D:4      | Noticed Menkaure
  2902 | D:4      | Noticed Duvessa
  2902 | D:4      | Noticed Dowan
  2907 | D:4      | Slain by Duvessa

Illustrated notes

Levels and vault maps discovered:
D:1:      heliophobic_arrival_henge, layout_basic,
          ebering_ecumenical_altar_mist, st_stairs_9
D:2:      layout_loops_ring, serial_shops, shop_fountains,
          nicolae_elevator_lobby_plus
D:3:      layout_basic, mainiacjoe_overflow_alcove_4, serial_bayou,
          serial_bayou_lagoon_b, serial_bayou_shore_a, serial_bayou_ford_a,
          serial_bayou_crossing
D:4:      cheibrodos_thug_alley, layout_cave_pools, uniq_eustachio,
          uniq_crazy_yiuf_cottage, uniq_menkaure, uniq_duvessa

Skill      XL: |  1  2  3  4  5  6 |
---------------+-------------------+-----
Stealth        | 1 2 3 |  3.4
Long Blades    | 3 4 |  4.0
Invocations    | 1 2 |  2.0
Fighting       | 4 |  4.0
Dodging        | |  3.8
Shields        | |  3.9

Action                   |  1- 3 |  4- 6 || total
-------------------------+-------+-------++-------
Melee: Long sword        |    71 |    58 ||   129
       Constrict         |    19 |    19 ||    38
       Tentacles         |    11 |    13 ||    24
       Punch             |       |     1 ||     1
Throw: Dart              |       |     2 ||     2
  Use: Scroll            |     8 |     6 ||    14
       Potion            |     2 |     2 ||     4
 Stab: Sleeping          |     9 |     5 ||    14
Armor: Skin              |    18 |     9 ||    27
Dodge: Dodged            |    59 |    31 ||    90
Block: Buckler           |    14 |     9 ||    23
